Map: [ESL] Hard Lead

Players

Reynor

  • Race: Zerg Zerg
  • Spawn Location: 11:00

Clem - Winner!

  • Race: Terran Terran
  • Spawn Location: 5:00

Event: ESL SC2 Masters 2023 Winter (Regional)

VOD

Have the link to the VOD?

Description

Time

  • Played on: Nov. 19, 2023, 10:42 a.m.
  • Length: 19:12

All games in this series

Show
View Real Time Build Order
Export as new Build Order

Reynor Zerg 

Build Orders: Hatch First 

Get SALT Encoding   

  12  0:00  Drone  
  13  0:12  Overlord  
  13  0:16  Drone  
  14  0:30  Drone x2  
  16  0:48  Hatchery  
  15  0:51  Drone  
  15  0:54  Drone  
  17  0:57  Drone  
  18  1:08  Extractor  
  17  1:13  Spawning Pool  
  17  1:16  Drone  
  17  1:19  Drone  
  18  1:27  Drone  
  19  1:38  Drone  
  20  1:48  Overlord  
  20  2:00  Zergling x4, Queen x2  
  26  2:10  Drone x2  
  28  2:20  Drone  
  29  2:23  Drone  
  30  2:30  Hatchery  
  30  2:32  Drone x2  
  31  2:43  Metabolic Boost  
  31  2:45  Queen  
  31  2:49  Overlord  
  33  2:51  Drone  
  33  2:53  Drone  
  33  2:57  Drone  
  36  3:06  Queen  
  36  3:07  Drone  
  36  3:08  Drone  
  40  3:14  Overlord  
  40  3:16  Drone  
  40  3:18  Drone  
  40  3:19  Drone x2  
  44  3:27  Overlord  
  44  3:32  Drone, Queen  
  47  3:36  Drone  
  47  3:37  Drone  
  49  3:42  Queen  
  49  3:44  Drone  
  53  3:48  Zergling x4  
  53  3:52  Queen  
  53  3:53  Overlord  
  53  3:54  Drone  
  57  3:56  Drone  
  57  3:58  Drone  
  57  3:59  Drone  
  57  4:00  Drone  
  61  4:07  Drone  
  61  4:08  Roach Warren  
  61  4:09  Overlord  
  61  4:15  Lair  
  61  4:16  Drone  
  62  4:17  Zergling x2  
  62  4:20  Zergling x2  
  62  4:21  Drone  
  62  4:22  Drone  
  62  4:23  Drone  
  67  4:26  Drone  
  67  4:27  Drone  
  67  4:31  Queen  
  69  4:34  Drone  
  69  4:36  Drone, Spore Crawler x2  
  71  4:40  Drone  
  71  4:41  Spore Crawler  
  71  4:43  Overlord  
  71  4:49  Drone x3  
  71  4:51  Extractor, Drone  
  74  4:56  Overlord  
  74  4:57  Roach x3  
  74  4:59  Roach  
  82  5:01  Overlord  
  82  5:02  Drone  
  82  5:04  Drone  
  82  5:06  Drone  
  86  5:07  Drone  
  86  5:11  Drone x2  
  88  5:14  Overlord  
  88  5:16  Overseer  
  88  5:21  Overseer  
  88  5:23  Drone x3  
  88  5:24  Queen  
  88  5:26  Roach  
  95  5:30  Overlord  
  95  5:31  Zergling x2, Roach  
  98  5:37  Zergling x12, Roach  
  100  5:45  Roach, Queen  
  100  5:48  Zergling x2, Roach  
  94  5:54  Zergling x4, Roach x2, Queen  
  93  5:59  Zergling x2, Roach  
  93  6:00  Zergling x2  
  87  6:05  Zergling x4, Roach  
  87  6:06  Queen  
  87  6:13  Zergling x4  
  87  6:15  Drone  
  87  6:16  Drone x2  
  87  6:17  Overlord  
  89  6:22  Glial Reconstitution, Drone  
  87  6:27  Zergling x8  
  87  6:29  Drone  
  92  6:35  Extractor x2  
  92  6:36  Drone x2  
  90  6:40  Drone  
  90  6:43  Overlord, Hatchery  
  90  6:46  Roach  
  92  6:50  Evolution Chamber  
  92  6:51  Overlord  
  92  6:52  Evolution Chamber  
  90  6:55  Zergling x8  
  90  7:01  Overlord  
  94  7:03  Roach x4  
  100  7:11  Roach x2  
  100  7:12  Drone  
  101  7:17  Drone  
  101  7:19  Drone x2  
  101  7:20  Drone  
  101  7:22  Drone  
  99  7:27  Roach  
  101  7:31  Drone, Overlord  
  101  7:32  Drone x3  
  101  7:35  Drone  
  106  7:39  Baneling Nest, Queen  
  106  7:42  Drone  
  106  7:43  Drone, Zerg Ground Armor Level 1  
  109  7:48  Drone  
  110  7:52  Drone  
  110  7:54  Infestation Pit  
  110  7:56  Zergling x8  
  110  7:58  Extractor, Overlord  
  113  8:01  Overlord  
  113  8:02  Roach x2  
  113  8:04  Drone x3  
  120  8:05  Drone  
  120  8:09  Drone x2  
  120  8:12  Queen  
  123  8:14  Roach x2  
  123  8:19  Drone x2  
  132  8:20  Drone x2  
  132  8:22  Centrifugal Hooks  
  132  8:25  Drone x3  
  136  8:32  Overlord  
  136  8:38  Drone x5  
  136  8:39  Drone x4  
  136  8:41  Infestor  
  139  8:46  Infestor  
  139  8:47  Infestor, Spore Crawler  
  144  8:53  Drone x3  
  147  8:55  Extractor  
  147  8:56  Extractor  
  147  8:59  Overlord, Hatchery  
  147  9:00  Zerg Melee Weapons Level 1  
  147  9:02  Zergling x12  
  149  9:03  Zergling x2  
  149  9:07  Hive  
  149  9:08  Zergling x2  
  150  9:12  Zergling x8  
  150  9:14  Overlord  
  150  9:16  Overlord  
  154  9:20  Ravager x2  
  154  9:21  Ravager  
  154  9:23  Zergling x10  
  162  9:24  Zergling x6  
  162  9:25  Zergling x2  
  162  9:31  Zergling x8, Ravager  
  159  9:37  Roach x3  
  148  9:46  Zergling x4, Roach x3  
  148  9:48  Roach  
  139  9:55  Roach  
  139  9:56  Roach  
  126  10:00  Zergling x2  
  126  10:01  Zerg Ground Armor Level 2  
  126  10:06  Zergling x4  
  129  10:12  Zergling x2, Hatchery  
  129  10:15  Queen  
  129  10:16  Roach  
  129  10:17  Roach  
  135  10:23  Roach  
  135  10:27  Roach x2  
  135  10:30  Queen  
  135  10:31  Infestor  
  135  10:32  Spore Crawler  
  135  10:33  Drone  
  135  10:34  Drone x4  
  135  10:35  Viper, Extractor  
  141  10:37  Zergling x10  
  149  10:43  Zergling x6  
  152  10:51  Zergling x4  
  152  10:55  Baneling x11  
  150  10:59  Zergling x6  
  150  11:03  Zergling x8  
  157  11:04  Hatchery  
  157  11:10  Drone x5  
  151  11:18  Zergling x12, Queen  
  146  11:27  Ravager x2  
  146  11:28  Baneling x8  
  146  11:29  Zergling x8  
  146  11:31  Drone x3  
  146  11:32  Drone  
  153  11:37  Drone  
  152  11:42  Zergling x10  
  156  11:50  Ultralisk Cavern  
  156  11:53  Zergling x8  
  153  11:58  Baneling  
  153  11:59  Baneling x11  
  153  12:00  Zergling x16  
  158  12:06  Zergling x4  
  158  12:13  Queen  
  158  12:14  Zergling x8  
  148  12:24  Zergling x18  
  148  12:29  Viper x2  
  155  12:32  Zergling x4  
  155  12:33  Zergling x2  
  155  12:36  Queen  
  160  12:37  Drone x4  
  160  12:40  Chitinous Plating  
  149  12:51  Zergling x2  
  149  12:52  Zergling x12  
  149  12:58  Zergling x2, Ultralisk  
  149  13:01  Drone  
  149  13:02  Drone x2  
  150  13:09  Zergling x2, Ultralisk  
  150  13:10  Zergling x4  
  150  13:11  Zergling x4  
  150  13:12  Drone x4  
  165  13:14  Extractor  
  165  13:16  Spore Crawler  
  165  13:17  Zergling x6  
  157  13:21  Zergling x2  
  157  13:22  Zergling x6  
  157  13:32  Infestor  
  157  13:33  Burrow, Hatchery  
  158  13:35  Zergling x8  
  158  13:41  Zergling x8  
  166  13:46  Hatchery  
  166  13:47  Zergling x8, Ultralisk  
  161  14:02  Zergling x16  
  168  14:05  Ultralisk  
  168  14:08  Zergling x4  
  176  14:15  Zergling x8  
  176  14:16  Zergling x6  
  183  14:18  Overlord  
  179  14:25  Zergling x6  
  177  14:31  Zergling x2, Ultralisk  
  177  14:32  Ultralisk x2  
  177  14:33  Ultralisk  
  180  14:43  Zergling x10, Ultralisk  
  180  14:45  Zergling x2  
  186  14:48  Zergling x6  
  186  14:52  Roach x6  
  172  14:57  Zergling x12, Zerg Melee Weapons Level 2, Queen  
  178  15:02  Zergling x8  
  178  15:05  Infestor x2  
  182  15:13  Zergling x4, Ultralisk  
  182  15:14  Zergling x12  
  181  15:18  Hatchery  
  181  15:20  Zergling x8  
  175  15:23  Zergling x6  
  175  15:24  Adrenal Glands  
  175  15:27  Zergling x6  
  175  15:28  Zergling x4  
  174  15:38  Zergling x18  
  174  15:40  Zergling x2, Ultralisk  
  172  15:47  Zergling x8  
  166  16:03  Zergling x6, Ultralisk  
  168  16:04  Baneling  
  168  16:05  Baneling x3  
  168  16:07  Drone x5  
  168  16:11  Zergling x16  
  178  16:13  Queen  
  178  16:17  Zergling x4  
  171  16:27  Infestor  
  171  16:29  Zergling x8  
  165  16:36  Baneling x12  
  165  16:38  Drone x4  
  165  16:39  Drone  
  168  16:40  Drone  
  168  16:41  Drone  
  170  16:47  Zergling x2  
  170  16:52  Zergling x6  
  153  17:05  Zergling x4  
  153  17:06  Zergling x2  
  140  17:19  Zergling x12  
  142  17:25  Drone  
  142  17:29  Infestor x2  
  146  17:30  Zergling x2  
  146  17:31  Zergling x2  
  147  17:43  Hatchery  
  146  17:54  Baneling x4  
  146  17:55  Zergling x4  
  146  17:56  Zergling x6  
  151  18:05  Drone  
  152  18:07  Zergling x12  
  152  18:12  Overseer  
  158  18:17  Zergling x6, Infestor  
  161  18:27  Spawning Pool  
  160  18:28  Ravager  
  160  18:32  Infestor  
  160  18:33  Ravager x3  
Show
View Real Time Build Order
Export as new Build Order

Clem Terran - Winner!

Build Orders: 2 Factory, Hellion Opening, Reaper Expand 

Get SALT Encoding   

  12  0:00  SCV  
  13  0:12  SCV  
  14  0:16  Supply Depot  
  14  0:24  SCV  
  15  0:38  SCV  
  15  0:39  Barracks  
  16  0:43  Refinery  
  16  0:50  SCV  
  17  1:02  SCV  
  18  1:14  SCV  
  19  1:26  Orbital Command, Reaper  
  20  1:37  Command Center  
  20  1:45  Supply Depot  
  20  1:52  SCV  
  21  1:58  Marine  
  22  2:04  SCV  
  23  2:10  Factory  
  23  2:16  SCV, Refinery  
  23  2:21  Barracks Reactor  
  24  2:28  SCV  
  25  2:40  SCV  
  26  2:50  Factory  
  26  2:52  Orbital Command  
  26  2:53  SCV  
  27  3:01  Hellion x2  
  27  3:05  SCV  
  32  3:14  Supply Depot  
  32  3:17  SCV  
  32  3:18  SCV  
  34  3:21  Barracks Tech Lab  
  34  3:23  Hellion x2  
  38  3:29  SCV  
  38  3:30  SCV  
  40  3:41  SCV  
  40  3:42  Cyclone, SCV, Hurricane Engines  
  40  3:45  Hellion x2  
  48  3:51  Supply Depot  
  48  3:52  Marine  
  48  3:54  SCV  
  48  3:55  SCV  
  51  4:06  Cyclone  
  51  4:08  SCV  
  54  4:13  Cyclone, SCV  
  54  4:14  Cyclone, Supply Depot  
  54  4:16  Barracks Tech Lab  
  59  4:20  SCV  
  60  4:25  SCV  
  61  4:33  SCV  
  61  4:37  SCV  
  61  4:38  Cyclone, Supply Depot  
  63  4:39  Stimpack  
  63  4:45  Cyclone, SCV  
  68  4:46  Cyclone  
  68  4:49  Command Center  
  70  4:52  Supply Depot  
  70  4:59  SCV x2  
  72  5:01  Barracks  
  72  5:03  Marine  
  72  5:07  Supply Depot  
  73  5:11  SCV x2  
  73  5:13  Cyclone  
  77  5:19  Cyclone  
  79  5:21  Refinery  
  79  5:23  Barracks, Cyclone, SCV  
  79  5:26  Marine  
  83  5:28  Supply Depot  
  83  5:29  SCV  
  84  5:35  SCV  
  84  5:41  SCV  
  81  5:44  Marine  
  81  5:45  Hellion  
  81  5:48  SCV  
  78  5:51  Hellion  
  78  5:53  SCV  
  78  5:55  Supply Depot  
  78  5:57  Barracks Reactor  
  78  6:00  SCV  
  78  6:02  Marine, Refinery  
  77  6:04  Hellion  
  77  6:06  Hellion  
  77  6:07  SCV  
  75  6:12  SCV  
  75  6:13  Barracks Reactor, Hellion  
  78  6:19  SCV  
  78  6:20  Marine  
  78  6:21  Orbital Command  
  78  6:25  Starport  
  77  6:26  SCV  
  77  6:31  SCV  
  79  6:33  Siege Tank, Combat Shield  
  79  6:35  Marine  
  79  6:36  Marine  
  79  6:38  Marine, SCV  
  79  6:39  Hellion  
  88  6:43  Hellion, SCV  
  91  6:51  Engineering Bay  
  91  6:52  Orbital Command, Marine  
  91  6:53  Marine x2  
  91  6:54  SCV, Marine, Engineering Bay  
  94  6:58  SCV  
  97  7:02  Marine  
  97  7:03  Hellion  
  97  7:07  SCV  
  99  7:10  Marine, SCV  
  99  7:11  Marine  
  99  7:13  Hellion  
  99  7:15  Hellion  
  106  7:18  Marine  
  106  7:19  Marine, SCV  
  106  7:22  SCV x2  
  103  7:23  Marine  
  103  7:27  Barracks  
  103  7:28  Marine  
  104  7:30  Barracks  
  104  7:31  SCV  
  104  7:34  SCV x2  
  104  7:39  Supply Depot  
  104  7:40  Factory Tech Lab  
  104  7:43  Siege Tank, SCV  
  107  7:46  SCV x2  
  107  7:47  Marine  
  107  7:48  Marine  
  107  7:49  Marine  
  112  7:51  Supply Depot  
  112  7:52  Marine  
  112  7:55  SCV  
  112  7:58  SCV x2  
  115  7:59  Refinery  
  115  8:00  Refinery  
  115  8:01  Medivac x2  
  115  8:02  Supply Depot  
  120  8:05  Marine x2  
  120  8:06  Siege Tank  
  120  8:07  Marine  
  120  8:08  Terran Infantry Weapons Level 1  
  120  8:09  Terran Infantry Armor Level 1  
  120  8:11  Barracks Reactor  
  126  8:13  Armory  
  126  8:14  Marine  
  126  8:19  Barracks Reactor, Barracks Tech Lab  
  127  8:21  Siege Tank  
  127  8:24  Bunker, Marine  
  131  8:28  Marine, Supply Depot  
  131  8:29  Marine  
  131  8:33  Medivac x2  
  137  8:35  Marine  
  137  8:37  Marine  
  137  8:39  Siege Tank  
  136  8:45  Bunker, Supply Depot  
  136  8:46  Supply Depot  
  136  8:47  Marine x3  
  139  8:53  Marine x2  
  142  8:56  Siege Tank  
  142  8:57  Marine  
  142  8:58  Marine  
  149  9:05  Marine x2  
  149  9:06  Terran Vehicle Weapons Level 1, Supply Depot  
  148  9:10  Command Center, Marine  
  148  9:15  Supply Depot  
  149  9:18  Siege Tank  
  149  9:19  Marine  
  149  9:21  Medivac  
  149  9:22  Marine  
  149  9:23  Marine, Supply Depot  
  149  9:24  Marine  
  157  9:27  Marine x3  
  157  9:30  Marine, Marauder  
  163  9:36  Marine  
  159  9:40  Marine  
  159  9:43  Marine  
  159  9:44  Barracks  
  155  9:46  Barracks, Medivac  
  155  9:47  Barracks  
  155  9:48  Marine x2  
  155  9:50  Marine  
  155  9:52  Marine  
  127  9:54  Siege Tank, Marine  
  127  9:56  Marine  
  127  9:57  Marine  
  123  10:00  Marine  
  123  10:03  Marine, SCV x3  
  123  10:06  Marine  
  126  10:10  Siege Tank  
  126  10:12  Marine x2  
  126  10:13  Marine  
  132  10:15  SCV, Marine x2  
  132  10:16  SCV  
  132  10:19  Marine  
  132  10:20  SCV  
  138  10:23  Marine  
  138  10:26  Siege Tank, Marauder, Marine  
  138  10:27  SCV  
  144  10:30  Marine x2  
  144  10:31  Marine x2  
  144  10:34  Barracks Tech Lab  
  144  10:35  Barracks Tech Lab  
  146  10:39  Ghost Academy  
  146  10:41  Marine x3  
  146  10:42  SCV  
  150  10:45  Terran Infantry Weapons Level 2  
  150  10:48  Planetary Fortress  
  150  10:52  Terran Infantry Armor Level 2, Marine  
  150  10:54  Marine  
  150  10:55  Barracks Tech Lab, Marine  
  153  10:57  Marine  
  153  10:58  Marauder  
  153  10:59  Marine  
  153  11:01  Marine  
  158  11:09  Siege Tank  
  158  11:10  Marine  
  158  11:11  Marine x3, Marauder  
  157  11:12  SCV  
  157  11:14  Marine  
  157  11:17  Siege Tank, Medivac  
  165  11:19  Marine, Marauder  
  165  11:22  Marine, Medivac  
  165  11:25  Marine x2  
  167  11:28  Marauder  
  167  11:31  Terran Vehicle Weapons Level 2  
  168  11:34  Marine x2  
  168  11:35  Marine x2  
  168  11:38  Marine  
  169  11:41  Siege Tank  
  169  11:46  Marauder  
  172  11:47  Medivac  
  172  11:48  Marine x2  
  172  11:49  Siege Tank  
  172  11:52  Marine, Medivac  
  170  11:54  Concussive Shells  
  170  11:55  Marine x2  
  170  11:56  Marine x3  
  170  11:57  Marine  
  170  11:59  Marauder  
  176  12:01  Marine  
  176  12:06  Marine  
  176  12:09  Marine, Marauder  
  176  12:12  Marine  
  176  12:13  Siege Tank, Marine  
  178  12:17  Medivac  
  178  12:21  Siege Tank, Medivac, Marine x3  
  168  12:24  Marine x2  
  168  12:28  Marine x2  
  168  12:29  Marine x3  
  156  12:30  Marine  
  158  12:37  Command Center  
  158  12:43  Refinery x2  
  158  12:45  Siege Tank  
  158  12:47  Medivac  
  158  12:49  Sensor Tower  
  158  12:50  Marine x2  
  155  12:52  Marine  
  155  12:53  Siege Tank  
  155  12:54  Marine x3  
  155  12:56  Marine x3  
  141  12:59  Marine, Medivac  
  141  13:03  Marine  
  141  13:04  Marine  
  143  13:08  Marine x2  
  143  13:09  Terran Infantry Weapons Level 3  
  143  13:11  Marine  
  146  13:13  Drilling Claws  
  146  13:16  Ghost  
  146  13:17  Siege Tank  
  146  13:18  Factory  
  147  13:22  Marine  
  147  13:25  Siege Tank  
  144  13:28  Marine x3  
  144  13:29  Marauder, Marine x3  
  144  13:30  Marine  
  153  13:37  Marine  
  154  13:42  Liberator  
  154  13:43  Liberator, Ghost  
  154  13:44  Marine  
  154  13:45  Marine  
  154  13:47  Marine x3  
  154  13:48  Marine  
  168  13:50  Siege Tank  
  168  13:53  Marine  
  168  13:55  Sensor Tower  
  162  13:56  Marauder x2  
  162  14:02  Marine  
  157  14:03  Marauder, Marine  
  157  14:07  Marine x2  
  157  14:12  Marine x2  
  157  14:13  Marauder  
  157  14:14  Marine x2  
  162  14:17  Marauder x2  
  162  14:19  Planetary Fortress  
  162  14:22  Factory Reactor  
  164  14:25  Marauder  
  164  14:29  Marine  
  165  14:31  Liberator  
  165  14:33  Widow Mine  
  165  14:34  Marauder  
  165  14:35  Marine x2  
  165  14:38  Marine  
  174  14:39  Marauder  
  174  14:44  Medivac  
  174  14:45  Marauder  
  165  14:47  Siege Tank  
  165  14:48  Marine x2  
  165  14:52  Marauder  
  165  14:56  Refinery  
  165  14:57  Marine, Refinery  
  165  14:58  Marine  
  167  15:00  Widow Mine  
  167  15:03  Marine x2  
  167  15:05  Widow Mine  
  172  15:09  Ghost  
  172  15:13  Medivac, Marine  
  172  15:14  Medivac  
  172  15:15  Widow Mine  
  172  15:17  Marine  
  172  15:20  Marine  
  178  15:26  Marine  
  179  15:30  Siege Tank, Marine  
  183  15:37  Siege Tank  
  183  15:38  Marauder  
  169  15:43  Medivac  
  169  15:44  Medivac, Marine  
  169  15:45  Marine  
  169  15:49  Marine, Marauder  
  152  15:51  Marine x2, Marauder x2  
  152  15:52  Marine  
  152  15:54  Marine x2  
  154  15:59  Marine  
  154  16:02  Siege Tank  
  157  16:06  Widow Mine x2  
  157  16:09  Siege Tank  
  164  16:12  Terran Infantry Armor Level 3  
  164  16:13  Medivac  
  166  16:21  Ghost  
  166  16:23  Ghost  
  166  16:25  Medivac  
  171  16:27  Marauder  
  171  16:28  Widow Mine  
  171  16:30  Marauder  
  171  16:34  Widow Mine  
  173  16:43  Medivac  
  173  16:46  Marine  
  172  16:47  Ghost  
  172  16:50  Marauder  
  173  16:55  Medivac  
  173  16:56  Marauder  
  173  16:58  Marine  
  173  17:00  Marauder  
  172  17:03  Widow Mine  
  157  17:10  Siege Tank  
  157  17:11  Marauder  
  157  17:12  Marine x2  
  157  17:13  Medivac  
  157  17:14  Marine  
  157  17:15  Marine  
  168  17:17  Marine, Marauder  
  168  17:21  Marine  
  169  17:22  Marine  
  169  17:23  Marine  
  169  17:25  Medivac  
  169  17:27  Marine  
  169  17:29  Ghost  
  173  17:41  Command Center, Widow Mine  
  173  17:42  Sensor Tower  
  173  17:43  Liberator, Ghost  
  178  17:47  Ghost  
  178  17:49  Ghost  
  184  17:55  Medivac  
  184  17:58  Ghost  
  188  17:59  Widow Mine x2  
  188  18:03  Widow Mine  
  192  18:10  Widow Mine  
  192  18:12  Ghost  
  192  18:15  Ghost  
  192  18:18  Ghost  
  198  18:25  Medivac  
  200  18:28  Missile Turret  
  200  18:33  Fusion Core, Starport  
  200  18:47  Marauder  
  200  18:51  Command Center  
Tags
 
Add a new tag
Caveats
  • Supply blocks, unpowered buildings, or Contaminate may cause inaccurate times.
  • Supply counts are checked every 10 seconds.